 Dungeon Crawl Stone Soup version 0.29.1-2-gbd0b4ee654 (webtiles) character file.

Game seed: 14285163876381968234

1862 GorkyZ the Shield-Bearer (level 9, -1/68 HPs)
             Began as a Formicid Fighter on Nov 21, 2022.
             Was an Initiate of Gozag.
             Slain by Edmund
             ... wielding a +6 flail of venom
              (6 damage)
             ... on level 6 of the Dungeon.
             The game lasted 00:23:09 (5875 turns).

GorkyZ the Shield-Bearer (Formicid Fighter)         Turns: 5875, Time: 00:23:09

Health: -1/68      AC: 14    Str: 24    XL:     9   Next: 35%
Magic:  9/9        EV:  8    Int:  9    God:    Gozag
Gold:   702        SH:  0    Dex: 13    Spells: 8/8 levels left

rFire   . . .      SeeInvis +   a - +0 war axe
rCold   . . .      Faith    .   j - orb {light}
rNeg    . . .      Spirit   .   y - +0 plate armour
rPois   .          Reflect  .   (helmet unavailable)
rElec   .          Harm     .   D - +0 cloak
rCorr   .          Rampage  .   (no gloves)
Will    .....                   C - +0 pair of boots
Stlth   ..........              (no amulet)
HPRegen 0.21/turn               (no ring)
MPRegen 0.11/turn               (no ring)

@: lethally poisoned (-1 -> -9), glowing
A: permanent stasis, dig shafts and tunnels, antennae 3, four strong arms
a: Dig, Shaft Self, Renounce Religion, Potion Petition, Call Merchant, Bribe
Branch


You were on level 6 of the Dungeon.
You worshipped Gozag.
Gozag was pleased with you.
You visited 1 branch of the dungeon, and saw 6 of its levels.

You collected 751 gold pieces.
You paid 49 gold pieces to Gozag.

Inventory:

Hand Weapons
 a - a +0 war axe (weapon)
 h - a +1 dagger of venom
 B - a +0 scythe
Missiles
 g - a curare-tipped dart
 o - 21 poisoned darts
Armour
 b - a +0 scale mail
 c - a +0 buckler
 j - an orb of light (worn)
 w - a +0 chain mail
 y - a +0 plate armour (worn)
 C - a +0 pair of boots (worn)
 D - a +0 cloak (worn)
Scrolls
 f - 2 scrolls of poison
 i - 3 scrolls of identify
 k - 3 scrolls of butterflies
 t - 2 scrolls of teleportation
Potions
 d - a potion of might
 e - a potion of brilliance
 l - a potion of cancellation
 m - 2 potions of lignification {unknown}
 q - 4 potions of flight {unknown}
 s - 4 potions of curing {unknown}
 u - 2 potions of magic {unknown}
 v - a potion of resistance {unknown}
 z - a potion of experience {unknown}
 A - 2 potions of degeneration {unknown}


   Skills:
 + Level 5.5 Fighting
 * Level 6.2 Axes
 + Level 3.7 Throwing
 + Level 5.4 Armour
 + Level 3.5 Dodging
 + Level 6.4 Shields
 + Level 4.2 Evocations


You had 8 spell levels left.
You didn't know any spells.
Your spell library contained the following spells:

 Spells                   Type           Power      Damage    Failure   Level
 Apportation              Tloc           0%         N/A       99%         1
 Foxfire                  Conj/Fire      0%         2x1d4     99%         1
 Necrotise                Necr           0%         1d4       99%         1
 Summon Small Mammal      Summ           0%         N/A       99%         1
 Sublimation of Blood     Necr           0%         N/A       100%        2
 Wereblood                Tmut           0%         N/A       100%        2
 Conjure Flame            Conj/Fire      0%         6-21      100%        3
 Inner Flame              Hex/Fire       0%         N/A       100%        3
 Portal Projectile        Hex/Tloc       0%         N/A       100%        3
 Tukima's Dance           Hex            0%         N/A       100%        3
 Vampiric Draining        Necr           0%         2d6       100%        3
 Flame Wave               Conj/Fire      0%         2d4       100%        4
 Agony                    Necr           0%         N/A       100%        5
 Blade Hands              Tmut           0%         N/A       100%        5
 Summon Hydra             Summ           0%         N/A       100%        7


Dungeon Overview and Level Annotations

Branches:
Dungeon (6/15)             Temple (0/1) D:4

Altars:
Cheibriados
Gozag
Zin

Shops:
D:4 :

Annotations:
D:6 Edmund


Innate Abilities, Weirdness & Mutations

You cannot be hasted, slowed, berserked, paralysed or teleported.
You can dig through walls and to a lower floor.
You have a pair of large antennae on your head. (SInv)
Your four strong arms can wield two-handed weapons with a shield.


Message History

You hear the tinkle of a tiny bell.
Edmund hits your butterfly with a +6 flail of venom.
Your butterfly dies!
Your butterfly disappears in a burst of colours!
You swap places.
You swap places.
Something closely misses your butterfly.
Edmund barely misses your butterfly.
Your butterfly disappears in a burst of colours!
Something hits your butterfly!
Your butterfly dies!
Your butterfly disappears in a burst of colours!
There is a stone staircase leading up here.
You hear the rapid hiss of a very distant avalanche of sand.
Edmund says, "People think my brother is the best.
I think he's crazy."
Edmund says, "Everyone always remembers my brother. 'Who's Edmund?' they ask!"
Edmund grinds his teeth, and then sighs.
Found 12 gold pieces.
Found an escape hatch in the ceiling.
You hear the rapid hiss of an avalanche of sand very nearby.
You see here 12 gold pieces.
There is an escape hatch in the ceiling here.
Edmund attacks as you move away! Edmund closely misses you.
Edmund attacks as you move away!
Edmund hits you with a +6 flail of venom!
* * * LOW HITPOINT WARNING * * *
You are lethally poisoned!
* * * LOW HITPOINT WARNING * * *
You feel very sick. Edmund attacks as you move away! Edmund closely misses you.
* * * LOW HITPOINT WARNING * * *
You feel very sick.
Okay, then.
Are you sure you want to shaft yourself?
Okay, then.
Are you sure you want to shaft yourself?
* * * LOW HITPOINT WARNING * * *
You feel sick.
Edmund hits you with a +6 flail of venom.
You die...
Your body crumbles into a pile of gold.

#. .# #. .# #.
.# #.# #. .#
#.. #######. .#
#.. ......#.##
.# ..#
.........####.#
.......#...@@.#
#.<.######
##.## #$# { {
######.# ...#
## ##......#
#..#
.##.##.######
#..# ....##.#
#..# .# #.#
#..##


You could see Edmund.

Vanquished Creatures
  Grinder (D:3)
  Sigmund (D:4)
  A steam dragon (D:6)
  2 water moccasins
  A black bear (D:5)
  An ogre (D:5)
  2 centaurs (D:6)
  2 phantoms
  2 kobold brigands
  3 scorpions
  A howler monkey (D:5)
  A jelly (D:4)
  2 hounds
  2 iguanas
  2 orc wizards (D:5)
  Robin (D:2)
  4 adders
  3 worms
  2 dart slugs
  7 orcs
  13 bats
  4 endoplasms
  4 giant cockroaches
  16 goblins
  11 hobgoblins
  4 jackals (D:4)
  2 quokkas (D:1)
  6 ball pythons
  5 frilled lizards
  12 kobolds
  3 rats
121 creatures vanquished.

Vanquished Creatures (others)
  8 fungi (D:5)
  7 plants (D:2)
15 creatures vanquished.

Grand Total: 136 creatures vanquished

Notes
Turn   | Place    | Note
-------+----------+-------------------------------------------
     0 | D:1      | GorkyZ the Formicid Fighter began the quest for the Orb.
     0 | D:1      | Reached XP level 1. HP: 18/18 MP: 1/1
     6 | D:1      | Noticed a swamp worm
     6 | D:1      | Noticed a polar bear
     6 | D:1      | Noticed an eight-headed hydra
     7 | D:1      | Noticed a black mamba
   135 | D:1      | Reached XP level 2. HP: 24/24 MP: 2/2
   384 | D:1      | Found a faded altar of an unknown god.
   436 | D:1      | Reached XP level 3. HP: 29/29 MP: 3/3
   950 | D:2      | Noticed Robin
   958 | D:2      | Killed Robin
   959 | D:2      | Reached XP level 4. HP: 28/35 MP: 4/4
  1052 | D:2      | Reached skill level 1 in Dodging
  1480 | D:2      | Reached skill level 1 in Evocations
  1894 | D:3      | Found an opulent altar of Gozag.
  1909 | D:3      | Reached skill level 1 in Throwing
  1909 | D:3      | Reached XP level 5. HP: 14/42 MP: 5/5
  2150 | D:3      | Found a snail-covered altar of Cheibriados.
  2157 | D:3      | Became a worshipper of Gozag Ym Sagoz the Greedy
  2269 | D:3      | Noticed Grinder
  2282 | D:3      | Killed Grinder
  2283 | D:3      | Reached XP level 6. HP: 4/48 MP: 6/6
  2964 | D:4      | Noticed Sigmund
  2974 | D:4      | Killed Sigmund
  2975 | D:4      | Reached skill level 5 in Shields
  2975 | D:4      | Reached XP level 7. HP: 47/54 MP: 7/7
  3061 | D:4      | Found Seykhiub's Book Shoppe.
  3390 | D:4      | Found a staircase to the Ecumenical Temple.
  3975 | D:5      | Entered Level 5 of the Dungeon
  4083 | D:5      | Reached XP level 8. HP: 61/61 MP: 8/8
  4399 | D:5      | Found a glowing silver altar of Zin.
  4510 | D:5      | Reached skill level 5 in Axes
  4593 | D:5      | Reached skill level 5 in Armour
  4599 | D:5      | Reached skill level 5 in Fighting
  5269 | D:6      | Reached XP level 9. HP: 42/66 MP: 9/9
  5766 | D:6      | Noticed Edmund
  5780 | D:6      | HP: 3/68 [poisoned by Edmund]
  5875 | D:6      | Slain by Edmund

Illustrated notes

Levels and vault maps discovered:
D:1:      onia_arrival_zoo_common, layout_rooms, basic_ecumenical_altar
D:2:      layout_basic, serial_bayou_lake_a, uniq_robin
D:3:      layout_loops_ring, nicolae_overflow_squiral, uniq_grinder
D:4:      layout_basic, lemuel_temple_firewalk_b, serial_shops,
          nicolae_lakefront_shop, uniq_sigmund
D:5:      layout_basic, nicolae_overflow_hidden_temple, serial_aquarium,
          aquarium_bridge_long_separate [aquarium_subvault_balcony,
          aquarium_subvault_bridge, aquarium_subvault_balcony,
          aquarium_subvault_wall, aquarium_subvault_wall,
          aquarium_subvault_bridge], aquarium_bridge_straight
          [aquarium_subvault_bridge, aquarium_subvault_balcony,
          aquarium_subvault_bridge, aquarium_subvault_wall],
          aquarium_window_corridor_2, aquarium_window_2, aquarium_window_1,
          aquarium_window_2, aquarium_view_2c,
          nicolae_concentric_dashed_squares_mild
D:6:      layout_loops_ring, grunt_temple_overflow_open,
          chequers_ossuary_entry_cave, uniq_edmund, uniq_duvessa

Skill      XL: |  1  2  3  4  5  6  7  8  9 |
---------------+----------------------------+-----
Dodging        | 1 2 3 |  3.5
Evocations     | 1 2 3 4 |  4.2
Axes           | 3 4 5 6 |  6.2
Throwing       | 1 2 3 |  3.7
Fighting       | 4 5 |  5.5
Armour         | 4 5 |  5.4
Shields        | 5 6 |  6.4

Action                   |  1- 3 |  4- 6 |  7- 9 || total
-------------------------+-------+-------+-------++-------
Melee: War axe           |    29 |    11 |   166 ||   206
       Dagger            |    42 |    81 |       ||   123
Throw: Dart              |       |     8 |       ||     8
 Abil: Dig               |       |       |     6 ||     6
       Shaft Self        |       |       |     1 ||     1
  Use: Scroll            |       |       |    13 ||    13
       Potion            |       |       |     1 ||     1
 Stab: Distracted        |       |       |     1 ||     1
Armor: Scale mail        |    37 |    31 |       ||    68
       Plate armour      |       |     7 |   134 ||   141
Dodge: Dodged            |    36 |    54 |    99 ||   189
Block: Buckler           |    15 |       |       ||    15
